 Seeded DCSS version 0.30.0-18-gc0e69614cb (webtiles) character file.

Game seed: 6351066067085065685 (custom seed)

56 Esekla the Sneak (level 3, -3/26 HPs)
             Began as an Octopode Delver on May 24, 2023.
             Was an Initiate of Gozag.
             Slain by a gnoll
             ... wielding a +0 flail
              (14 damage)
             ... on level 2 of the Dungeon.
             The game lasted 00:12:34 (1780 turns).

Esekla the Sneak (Octopode Delver)                  Turns: 1780, Time: 00:12:35

Health: -3/26      AC:  1    Str: 11    XL:     3   Next: 97%
Magic:  4/4        EV: 13    Int: 14    God:    Gozag
Gold:   369        SH:  0    Dex: 16    Spells: 4/4 levels left

rFire   . . .        a - +5 rapier of the Hero {heavy, rN+ Dex+3}
rCold   . . .        (no shield)
rNeg    + . .        (helmet restricted)
rPois   .            (no amulet)
rElec   .            (no ring)
rCorr   .            (no ring)
SInv    .            (no ring)
Will    .....        (no ring)
Stlth   +++++        (no ring)
HPRegen 0.24/turn    (no ring)
MPRegen 0.09/turn    (no ring)
                     (no ring)

%: no passive effects
@: no status effects
A: almost no armour, amphibious, 8 rings, camouflage 1, gelatinous body 1,
(nimble swimmer 1), tentacles
a: Renounce Religion, Potion Petition, Call Merchant, Bribe Branch


You were on level 2 of the Dungeon.
You worshipped Gozag.
Gozag was aware of your devotion.
You visited 2 branches of the dungeon, and saw 7 of its levels.

You collected 409 gold pieces.
You paid 40 gold pieces to Gozag.

Inventory:

Hand Weapons
 a - the +5 rapier of the Hero (weapon) {heavy, rN+ Dex+3}
   (You found it on level 3 of the Dungeon)

   Dex:       It affects your dexterity (+3).
   rN:        It protects you from negative energy.
 r - a +0 trident
Wands
 f - a wand of digging (3)
 g - a wand of flame (13)
 m - a wand of roots (16)
Scrolls
 b - 2 scrolls of fog
 c - a scroll of magic mapping
 d - 4 scrolls of fear
 h - a scroll of immolation {unknown}
 k - 4 scrolls of identify {unknown}
 n - a scroll of enchant weapon {unknown}
 o - a scroll of blinking {unknown}
 q - a scroll of amnesia {unknown}
Potions
 e - 2 potions of haste
 i - 2 potions of ambrosia {unknown}
 j - 3 potions of curing {unknown}
 l - 2 potions of attraction {unknown}
 p - a potion of mutation {unknown}
 s - 2 potions of brilliance {unknown}
 u - a potion of heal wounds {unknown}


   Skills:
 * Level 3.3 Fighting
 + Level 0.3(1.5) Short Blades
 * Level 2.5(2.6) Long Blades
 * Level 2.2 Dodging
 + Level 7.2 Stealth
 * Level 1.1 Spellcasting


You had 4 spell levels left.
You didn't know any spells.
Your spell library contained the following spells:

 Spells                   Type           Power      Damage    Failure   Level
 Lesser Beckoning         Tloc           0%         N/A       36%         2
 Gell's Gravitas          Tloc           0%         N/A       61%         3
 Teleport Other           Tloc           0%         N/A       61%         3


Dungeon Overview and Level Annotations

Branches:
Dungeon (6/15)             Temple (1/1) D:6

Altars:
Cheibriados
Gozag
Okawaru
Vehumet
Wu Jian
Xom
The Shining One

Shops:
D:2 =

Annotations:
D:6 Blork the orc


Innate Abilities, Weirdness & Mutations

You cannot wear most types of armour.
You are amphibious.
You can wear up to eight rings at the same time.
Your skin changes colour to match your surroundings (Stealth+).
Your rubbery body absorbs attacks. (AC +1, EV +1)
((You are camouflaged when in or above water. (Stealth+)))
You have tentacles for arms and can constrict up to eight enemies at once.


Message History

There is an open door here.
There is a large open door here.
There is a large open door here.
You enter the deep water.
Done exploring.
(D) Dungeon (T) Temple
Where to? (Enter - D:6, ? - help)
You see here a +0 short sword.
There is a stone staircase leading down here.
You climb downwards.
There is a stone staircase leading up here.
A gnoll comes into view. It is wielding a +0 spear.
A gnoll comes into view. It is wielding a +0 club.
Found a bubbling blue potion.
The gnoll shouts! x2; You hear a shout!
A goblin comes into view. It is wielding a +3 dagger of speed.
You see here a bubbling blue potion.
j - 3 bubbling blue potions (gained 1)
You start waiting.
Done waiting.
A gnoll comes into view. It is wielding a +0 flail.
The gnoll moves out of view.
The gnoll shouts!
The goblin shouts!
The goblin hits you with a +3 dagger of speed.
You hit the goblin. Your grab misses the goblin.
Your squeeze misses the goblin.
The goblin is moderately wounded.
The goblin completely misses you. The goblin barely misses you.
You impale the goblin!!
You kill the goblin!
The gnoll hits you with a +0 flail. The gnoll attacks as you move away!
The gnoll hits you with a +0 flail! The gnoll attacks as you move away!
The gnoll barely misses you. The gnoll attacks as you move away!
The gnoll hits you with a +0 flail.
There is a stone staircase leading up here.
The gnoll hits you with a +0 flail!
Ouch! That really hurt!
You die...
Your body crumbles into a pile of gold.

...# #..####.## ##
...####..####.# #.
...............######.
.........#.....#
###..#######.####.
....# #.# ## ###..#
#.# # #....## #.# #
#@gg..######.#####
###^#.............
#.#..#####.#####
#.#..# #.# #.#..# #g#
#....# #.# ...... ...
#.#... #.. #.##...
...#


You could see 2 gnolls.

Vanquished Creatures
  A lemure (D:6)
  An adder (D:6)
  A dart slug (D:1)
  4 orcs
  5 ball pythons (D:1)
  4 endoplasms
  7 goblins
  3 hobgoblins
  A quokka (D:1)
  3 bats
  3 frilled lizards
  4 kobolds
37 creatures vanquished.

Notes
Turn   | Place    | Note
-------+----------+-------------------------------------------
     0 | D:5      | Esekla the Octopode Delver began the quest for the Orb.
     0 | D:5      | Reached XP level 1. HP: 16/16 MP: 1/1
    55 | D:6      | Noticed Blork the orc
    89 | D:6      | Noticed a lemure
    89 | D:6      | Noticed a lemure
   100 | D:6      | Noticed an ice beast
   125 | D:6      | Killed a lemure
   192 | D:6      | Noticed a sky beast
   202 | D:6      | Found a staircase to the Ecumenical Temple.
   320 | D:6      | Noticed a hound
   332 | D:6      | Noticed a jelly
   416 | Temple   | Entered the Ecumenical Temple
   433 | Temple   | Became a worshipper of Gozag Ym Sagoz the Greedy
   519 | D:6      | Reached XP level 2. HP: 17/21 MP: 2/2
   618 | D:4      | Found a radiant altar of Vehumet.
   635 | D:4      | Found a glowing golden altar of the Shining One.
   654 | D:4      | Found an iron altar of Okawaru.
   972 | D:3      | Reached XP level 3. HP: 26/26 MP: 3/3
  1079 | D:3      | Identified the +5 rapier of the Hero {heavy, rN+ Dex+3}
  1111 | D:2      | Reached skill level 7 in Stealth
  1115 | D:2      | Found Renulab's Jewellery Shop.
  1213 | D:1      | Reached skill level 1 in Spellcasting
  1780 | D:2      | Slain by a gnoll

Illustrated notes

Levels and vault maps discovered:
D:1:      sevenhm_arrival_forest_fort_small_3, layout_rooms,
          chequers_serial_rivers_room_b, minmay_misc_feat_five
D:2:      layout_loops_ring, dreamdust_ecumenical_altar_angels_and_demons,
          serial_shops, shop
D:3:      layout_basic, grunt_temple_overflow_open, minmay_misc_feat_iff
D:4:      layout_basic, nicolae_overflow_quartered_altars, serial_shops,
          nicolae_diamond_shop
D:5:      layout_loops_ring, lemuel_doored_altar, minmay_misc_feat_rows,
          dreamdust_wishing_well
D:6:      layout_loops_cross, fedhas_altar_fruit_tree,
          minmay_temple_entry_glass, uniq_pikel, uniq_blork_the_orc
Temple:   compressed_dpeg_circular_temple

Skill      XL: |  1  2  3 |
---------------+----------+-----
Stealth        | 7 |  7.2
Spellcasting   | 1 |  1.1
Fighting       | |  3.3
Short Blades   | |  0.3
Long Blades    | |  2.5
Dodging        | |  2.2

Action                     || total
---------------------------++-------
  Melee: Falchion          ||    22
         Constrict         ||    10
         Tentacles         ||     5
         Punch             ||     2
         Dagger            ||     6
         Rapier            ||    31
  Evoke: Wand              ||     2
   Stab: Sleeping          ||    12
         Distracted        ||     1
 Armour: Skin              ||     5
  Dodge: Dodged            ||    34
